 Dungeon Crawl Stone Soup version 0.30-a0-377-g5cb311bc9f (webtiles) character file.

Game seed: 3937871348840950227

469 magipi the Cudgeller (level 6, -1/55 HPs)
             Began as an Armataur Berserker on Nov 30, 2022.
             Was a Believer of Trog.
             Slain by an iguana (12 damage)
             ... on level 4 of the Dungeon.
             The game lasted 00:10:10 (3114 turns).

magipi the Cudgeller (Armataur Berserker)           Turns: 3114, Time: 00:10:10

Health: -1/55      AC:  8    Str: 23    XL:     6   Next: 82%
Magic:  6/6        EV:  6    Int:  7    God:    Trog [**....]
Gold:   112        SH:  0    Dex: 11    Spells: 5/5 levels left

rFire   . . .      SeeInvis .    a - +0 mace
rCold   . . .      Faith    .    (no shield)
rNeg    + . .      Spirit   .    k - +0 chain mail
rPois   .          Reflect  .    (no helmet)
rElec   .          Harm     .    (no cloak)
rCorr   .          Roll     +    (no gloves)
Will    +....                    (no barding)
Stlth   ..........               (no amulet)
HPRegen 0.29/turn                n - ring of positive energy
MPRegen 0.10/turn                (no ring)

@: on berserk cooldown
A: large, rugged brown scales 3, deformed body, armoured tail, roll, long
tongue, awkward tongue, strong-willed 1, sense surroundings 1, wild magic 1
a: Renounce Religion, Berserk, Trog's Hand


You were on level 4 of the Dungeon.
You worshipped Trog.
Trog was pleased with you.
You visited 1 branch of the dungeon, and saw 4 of its levels.

You collected 112 gold pieces.

Inventory:

Hand Weapons
 a - a +0 mace (weapon)
Missiles
 d - 6 poisoned darts (quivered)
Armour
 k - a +0 chain mail (worn)
   (You found it on level 2 of the Dungeon)
Jewellery
 n - a ring of positive energy (left hand)
   (You found it on level 1 of the Dungeon)
Scrolls
 b - a scroll of enchant armour {unknown}
 g - a scroll of enchant weapon
 i - a scroll of fog
 j - a scroll of identify
 l - a scroll of noise
Potions
 e - 3 potions of lignification
 f - 2 potions of flight
 h - a potion of mutation
 m - a potion of curing


   Skills:
 + Level 3.7 Fighting
 * Level 4.8 Maces & Flails
 + Level 1.6 Throwing
 + Level 4.4 Armour
 + Level 2.5 Dodging


You had 5 spell levels left.
You didn't know any spells.
Your spell library was empty.

Dungeon Overview and Level Annotations

Branches:
Dungeon (4/15)
 Temple: D:4-7

Altars:


Innate Abilities, Weirdness & Mutations

You are completely covered in rugged brown scales. (AC +3, +7% HP)
Armour fits poorly on your strangely shaped body.
You have a long armoured tail.
You roll when moving toward enemies. (Rampage)
Your long tongue fully drains potion bottles. (2x potion effects)
Your tongue gives you trouble enunciating. (1.5x scroll delay)
You are strong-willed. (Will+)
You passively map a small area around you.
Your spells are a little harder to cast, but a little more powerful.


Message History

The goblin shouts!
You roll towards the goblin!
You hit the goblin.
You kill the goblin!
Trog accepts your kill.
Things that are here:
a +0 dagger; a goblin corpse
Found 4 stones.
You hear the slow hiss of a distant avalanche of sand.
You see here 4 stones.
Found a dagger.
Found a stone staircase leading down.
Found a pair of boots.
There is a stone staircase leading down here.
You see here a +0 dagger.
You see here a +0 pair of boots.
b - a +0 pair of boots You drop a +0 pair of boots.
Unknown command.
You see here a quokka corpse.
You hear the hiss of a distant avalanche of sand.
Found a mace.
Unknown command.
A kobold comes into view. It is wielding a +0 club.
The kobold shouts!
A steam dragon comes into view.
Found a sling.
The kobold hits you but does no damage. The kobold hits you but does no damage.
The kobold hits you but does no damage.
A red film seems to cover your vision as you go berserk!
You feel yourself moving faster!
You feel mighty! The steam dragon bites you.
The steam dragon claws you but does no damage.
The kobold barely misses you.
You hit the steam dragon. You tail-slap the steam dragon!
The steam dragon is severely wounded.
The kobold hits you with a +0 club.
The steam dragon bites you but does no damage.
The steam dragon claws you but does no damage.
You sock the steam dragon!
You kill the steam dragon!
Trog accepts your kill.
The steam dragon scales are intact enough to wear.
The kobold hits you but does no damage.
Things that are here:
+0 steam dragon scales; a steam dragon corpse You sock the kobold!
You kill the kobold!
Trog accepts your kill.
You see here a +0 club.
You feel a strong urge to attack something.
You see here a +0 club.
You feel your anger nearly subside.
Things that are here:
+0 steam dragon scales; a steam dragon corpse Your blood rage is quickly leaving you.
You are no longer berserk.
You are exhausted.
You feel yourself slow down.
b - a scroll labelled ITIGHIREXT A kobold comes into view.
It is wielding a +0 whip.
You hear the brisk hiss of an avalanche of sand.
You roll towards the kobold!
You hit the kobold.
The kobold is severely wounded.
The kobold hits you but does no damage.
An iguana comes into view.
The kobold hits you but does no damage.
You sock the kobold!
You kill the kobold!
Trog accepts your kill. The iguana bites you!
Unknown command.
You hit the iguana.
Your tail-slap misses the iguana.
The iguana is moderately wounded.
The iguana bites you.
You're still recovering from your berserk rage.
You closely miss the iguana.
The iguana is moderately wounded.
The iguana bites you!
A quokka comes into view.
The iguana bites you.
You completely miss the iguana.
The iguana is moderately wounded.
You feel yourself speed up. The iguana bites you! The iguana barely misses you.
You closely miss the iguana.
The iguana is moderately wounded.
The iguana bites you but does no damage.
Unknown command.
You hit the iguana.
The iguana is heavily wounded.
The iguana bites you but does no damage.
You hit the iguana but do no damage.
The iguana is heavily wounded.
The iguana bites you.
Unknown command.
You hit the iguana.
The iguana is heavily wounded.
The iguana bites you!
* * * LOW HITPOINT WARNING * * *
The quokka twitches its whiskers.
The iguana bites you!
You die...

#...##.............
#####...##)##.#...#....
,
.....................#,
, ....................#
, ...................+
,* , ,
###.#...#..##.....##
#.#...#..........## *
#.#...#.#####.....#
#.#...#.# ##@##..#
###.#...#.# #l# ...#
#.)[......# #r# ..
#..####.### ,...,* * ,
#..#......# *,... *
.....##......,..... ,
#.)#. ....####.....
#.......#.# #.....#
#### #.##.# ,


You could see an iguana and a quokka.

Vanquished Creatures
  Sigmund (D:2)
  A steam dragon (D:4)
  Natasha (thrice) (D:2)
  3 adders
  A worm (D:3)
  2 dart slugs
  An orc (D:3)
  4 bats
  7 endoplasms
  6 giant cockroaches
  4 hobgoblins
  8 jackals
  5 quokkas
  8 ball pythons
  3 frilled lizards
  4 goblins
  12 kobolds
  2 rats (D:1)
75 creatures vanquished.

Notes
Turn   | Place    | Note
-------+----------+-------------------------------------------
     0 | D:1      | magipi the Armataur Berserker began the quest for the Orb.
     0 | D:1      | Reached XP level 1. HP: 19/19 MP: 1/1
   154 | D:1      | Reached XP level 2. HP: 25/26 MP: 2/2
   652 | D:1      | Reached XP level 3. HP: 33/33 MP: 3/3
  1035 | D:2      | Reached ** piety under Trog
  1117 | D:2      | Noticed Natasha
  1125 | D:2      | Killed Natasha
  1129 | D:2      | Reached XP level 4. HP: 37/40 MP: 4/4
  1137 | D:2      | Noticed Natasha
  1153 | D:2      | Gained mutation: You passively map a small area around you.
                  | [potion of mutation]
  1153 | D:2      | Gained mutation: Your spells are a little harder to cast,
                  | but a little more powerful. [potion of mutation]
  1153 | D:2      | Gained mutation: You are strong-willed. (Will+) [potion of
                  | mutation]
  1158 | D:2      | Killed Natasha
  1501 | D:2      | Noticed Natasha
  1516 | D:2      | Killed Natasha
  1517 | D:2      | Reached XP level 5. HP: 48/48 MP: 5/5
  1538 | D:2      | Noticed Sigmund
  1547 | D:2      | Killed Sigmund
  1548 | D:2      | Reached skill level 1 in Throwing
  1548 | D:2      | Reached XP level 6. HP: 54/54 MP: 6/6
  3066 | D:4      | Noticed a steam dragon
  3082 | D:4      | Killed a steam dragon
  3114 | D:4      | Slain by an iguana

Illustrated notes

Levels and vault maps discovered:
D:1:      shiori_arrival_elements, layout_basic, serial_park_tiny_pond,
          minmay_vboxes
D:2:      layout_rooms, uniq_natasha, uniq_sigmund
D:3:      layout_basic, serial_rivers, chequers_serial_rivers_large_b,
          chequers_serial_rivers_small_3, chequers_serial_rivers_micro_c,
          chequers_serial_rivers_marsh, chequers_serial_rivers_small_3,
          kennysheep_decorative_pillar
D:4:      layout_loops_cross, enter_ossuary_5, minivault_19

Skill      XL: |  1  2  3  4  5 |
---------------+----------------+-----
Maces & Flails | 3 4 |  4.8
Fighting       | 3 |  3.7
Armour         | 3 4 |  4.4
Dodging        | 2 |  2.5
Throwing       | 1 |  1.6

Action                   |  1- 3 |  4- 6 || total
-------------------------+-------+-------++-------
Melee: Mace              |    99 |   140 ||   239
       Tailslap          |     8 |    14 ||    22
       Punch             |     1 |       ||     1
Invok: Berserk           |     2 |     2 ||     4
       Trog's Hand       |       |     1 ||     1
  Use: Potion            |       |     6 ||     6
       Scroll            |       |     5 ||     5
 Stab: Sleeping          |     1 |       ||     1
Armor: Animal skin       |     5 |       ||     5
       Scale mail        |    34 |       ||    34
       Chain mail        |     3 |   112 ||   115
       Skin              |       |     9 ||     9
Dodge: Dodged            |    44 |    62 ||   106

Table legend: (Time is in decaauts)
 A = Elapsed time spent in this place.
 B = Non-inter-level travel time spent in this place.
 C = Inter-level travel time spent in this place.
 D = Time resting spent in this place.
 E = Time spent auto-exploring this place.
 F = Levels seen in this place.
 G = Mean time per level.
                   A        B        C        D        E       F      G
               +--------+--------+--------+--------+--------+-----+--------+
         Total |   3264 |   2933 |    331 |    222 |   1389 |   4 |  816.0 |
       Dungeon |   3264 |   2933 |    331 |    222 |   1389 |   4 |  816.0 |
               +--------+--------+--------+--------+--------+-----+--------+

Top non-repeatable levels by time:
     D:3: 1287 daAuts
     D:1: 993 daAuts
     D:2: 775 daAuts
     D:4: 208 daAuts
